 Dungeon Crawl Stone Soup version 0.23-a0-451-g1044d4c (webtiles) character file.

140 galech the Skirmisher (level 5, -11/41 HPs)
             Began as a Demonspawn Fighter on Nov 22, 2018.
             Mangled by a gnoll
             ... wielding a +0 halberd of flaming
              (13 damage)
             ... on level 3 of the Dungeon.
             The game lasted 00:02:51 (2073 turns).

galech the Skirmisher (Demonspawn Fighter)          Turns: 2073, Time: 00:02:51

Health: -11/41     AC:  6    Str: 17    XL:     5   Next: 2%
Magic:  5/5        EV:  7    Int:  9    God:
Gold:   92         SH:  9    Dex: 13    Spells: 4/4 levels left

rFire    . . .     SeeInvis .   a - +0 war axe
rCold    . . .     Gourm    .   c - +0 shield
rNeg     . . .     Faith    .   b - +0 scale mail
rPois    .         Spirit   .   (no helmet)
rElec    .         Reflect  .   (no cloak)
rCorr    .         Harm     .   (no gloves)
MR       .....                  (no boots)
Stlth    ..........             (no amulet)
HPRegen  0.13/turn              (no ring)
MPRegen  0.09/turn              (no ring)

@: no status effects
A: claws 2, rot immunity
a: no special abilities


You were on level 3 of the Dungeon.
You were not hungry.

You visited 1 branch of the dungeon, and saw 3 of its levels.

You collected 92 gold pieces.

Inventory:

Hand Weapons
 a - a +0 war axe (weapon)
Armour
 b - a +0 scale mail (worn)
 c - a +0 shield (worn)
Jewellery
 n - an uncursed amulet of magic regeneration {unknown}
Scrolls
 e - a scroll of amnesia {unknown}
 h - 2 scrolls of remove curse {unknown}
 i - 2 scrolls of enchant armour {unknown}
 k - a scroll of immolation {unknown}
 l - a scroll of noise {unknown}
 m - 4 scrolls of identify {unknown}
 o - a scroll of random uselessness {unknown}
 p - 2 scrolls of teleportation {unknown}
 q - a scroll of blinking {unknown}
Potions
 d - a potion of might
 j - 2 potions of curing {unknown}
 r - a potion of brilliance {unknown}
 s - a potion of degeneration {unknown}
Comestibles
 f - 7 rations


   Skills:
 + Level 3.5 Fighting
 + Level 3.2 Axes
 + Level 3.4 Armour
 + Level 0.6 Dodging
 + Level 0.1 Stealth
 + Level 3.1 Shields


You had 4 spell levels left.
You didn't know any spells.
Your spell library was empty.

Dungeon Overview and Level Annotations

Branches:
Dungeon (3/15)

Altars:
Ru


Innate Abilities, Weirdness & Mutations

You have very sharp fingernails.
You are immune to rotting.


Message History

You closely miss the gnoll.
The gnoll hits you from afar with a +0 spear.
The gnoll hits you with a +0 halberd of flaming!
The gnoll burns you.
You barely miss the gnoll. You block the gnoll's attack.
The gnoll hits you with a +0 halberd of flaming!
* * * LOW HITPOINT WARNING * * *
The gnoll burns you.
* * * LOW HITPOINT WARNING * * *
The gnoll hits you but does no damage.
You are too injured to fight recklessly!
You are too injured to fight recklessly!
You are too injured to fight recklessly!
You are too injured to fight recklessly!
You are too injured to fight recklessly!
You are too injured to fight recklessly!
You are too injured to fight recklessly!
Unknown command.
The gnoll hits you with a +0 halberd of flaming!
You die...

#####
#.#....######## ...#
#.####.#...#
#.###.###..........#
#........#####g#.###
#####.##.# #.#.#
#.##.#####.#.#
#.##.g.g...#.#
#g##########.. #.#
###@### #.# #...g.#
#g# #g#.#.# #.#
#.#...#
#.######.#####
#....g...#
#.######## ###


You could see 2 gnolls.

Vanquished Creatures
  Jessica (D:3)
  A gnoll (D:2)
  2 adders (D:2)
  An ooze (D:1)
  An adder zombie (D:3)
  3 dart slugs
  3 leopard geckos
  An orc (D:3)
  4 giant cockroaches
  10 goblins
  8 hobgoblins
  3 jackals (D:2)
  3 kobolds
  4 ball pythons
  8 bats
  6 frilled lizards
  10 rats
69 creatures vanquished.

Notes
Turn   | Place    | Note
-------+----------+-------------------------------------------
     0 | D:1      | galech the Demonspawn Fighter began the quest for the Orb.
     0 | D:1      | Reached XP level 1. HP: 18/18 MP: 1/1
    53 | D:1      | Gained mutation: You have sharp fingernails. [demonic
                  | ancestry]
    53 | D:1      | Reached XP level 2. HP: 24/24 MP: 2/2
   374 | D:1      | Gained mutation: You are immune to rotting. [demonic
                  | ancestry]
   374 | D:1      | Reached XP level 3. HP: 24/29 MP: 3/3
   970 | D:2      | Found a sacrificial altar of Ru.
  1223 | D:2      | Gained mutation: You have very sharp fingernails. [demonic
                  | ancestry]
  1223 | D:2      | Reached XP level 4. HP: 28/35 MP: 4/4
  1746 | D:3      | Noticed Jessica
  1757 | D:3      | Killed Jessica
  1963 | D:2      | Reached XP level 5. HP: 27/41 MP: 5/5
  2072 | D:3      | HP: 2/41 [gnoll/+0 halberd of flaming (4)]
  2073 | D:3      | Mangled by a gnoll

Vault maps used:
D:1:      dpeg_arrival_simpleton_a, serial_forest,
          infiniplex_forest_clump_medium, infiniplex_forest_clump_C,
          infiniplex_forest_straight_2, infiniplex_forest_zigzag_1,
          infiniplex_forest_end_2, infiniplex_forest_side_room,
          minmay_liquid_box
D:2:      nicolae_ru_the_path_less_chosen, corexii_corridor_pit,
          minmay_misc_feat_encased
D:3:      uniq_jessica

Skill      XL: |  1  2  3  4 |
---------------+-------------+-----
Shields        | 3 |  3.1
Axes           | 2 3 |  3.2
Armour         | 3 |  3.4
Fighting       | |  3.5
Dodging        | |  0.6
Stealth        | |  0.1

Action                   |  1- 3 |  4- 6 || total
-------------------------+-------+-------++-------
Melee: War axe           |   170 |    52 ||   222
  Eat: Chunk             |     1 |     3 ||     4
Armor: Scale mail        |   111 |    35 ||   146
Dodge: Dodged            |    54 |    14 ||    68
Block: Shield            |    88 |    36 ||   124

Table legend:
 A = Non-vault XP
 B = Vault XP
 C = Vault XP percentage of total XP
 D = Non-vault monster count
 E = Vault monster count
 F = Vault count percentage of total count
                 A         B        C        D         E       F
            +---------+---------+-------+---------+---------+-------
      Total |     164 |      37 |  18.4 |      68 |       1 |   1.4
            +---------+---------+-------+---------+---------+-------
        D:1 |      67 |       0 |   0.0 |      33 |       0 |   0.0
        D:2 |      71 |       0 |   0.0 |      24 |       0 |   0.0
        D:3 |      26 |      37 |  58.7 |      11 |       1 |   8.3
            +---------+---------+-------+---------+---------+-------
